 Dungeon Crawl Stone Soup version 0.31-a0-240-gb923e448b6 (webtiles) character file.

Game seed: 15753474438820039365

81 qw the Shooter (level 4, 0/26 HPs)
             Began as a Gargoyle Hexslinger on July 11, 2023.
             Slain by a gnoll
             ... wielding a +0 spear
              (6 damage)
             ... on level 2 of the Dungeon.
             The game lasted 00:00:34 (1177 turns).

qw the Shooter (Gargoyle Hexslinger)                Turns: 1177, Time: 00:00:35

Health: 0/26       AC:  8    Str: 11    XL:     4   Next: 40%
Magic:  5/5        EV: 10    Int: 14    God:
Gold:   65         SH:  0    Dex: 14    Spells: 4/5 levels left

rFire   . . .        Y - +1 sling
rCold   . . .        (no shield)
rNeg    + . .        f - +0 ring mail
rPois   inf          (no helmet)
rElec   +            (no cloak)
rCorr   .            (no gloves)
SInv    .            (no boots)
Will    .....        (no amulet)
Stlth   +            (no ring)
HPRegen 0.24/turn    (no ring)
MPRegen 0.09/turn

%: no passive effects
@: no status effects
A: sickness immunity, AC +3, negative energy resistance 1, electricity
resistance, torment resistance 1, petrification resistance
a: no special abilities


You were on level 2 of the Dungeon.
You visited 1 branch of the dungeon, and saw 2 of its levels.

You collected 65 gold pieces.


Innate Abilities, Weirdness & Mutations

You are immune to sickness and miasma.
Your stone body is resilient. (AC +3)
You are immune to poison.
You resist negative energy. (rN+)
You are resistant to electric shocks. (rElec)
You are resistant to unholy torment.
You are immune to petrification.


   Skills:
 - Level 2.0 Fighting
 - Level 4.0 Ranged Weapons
 + Level 0.9 Armour
 - Level 1.5 Dodging
 - Level 1.0 Spellcasting
 - Level 2.6 Hexes


You had 4 spell levels left.
You knew the following spells:

 Your Spells              Type           Power      Damage    Failure   Level
a - Slow                  Hex            32%        N/A       22%         1

Your spell library contained the following spells:

 Spells                   Type           Power      Damage    Failure   Level
 Inner Flame              Hex/Fire       4%         N/A       73%         3
 Portal Projectile        Hex/Tloc       8%         N/A       73%         3
 Cause Fear               Hex            4%         N/A       91%         4

Inventory:

Hand Weapons
 Y - a +1 sling (weapon)
Armour
 f - a +0 ring mail (worn)
Scrolls
 a - 2 scrolls of teleportation
 i - a scroll of identify
Potions
 g - a potion of cancellation {unknown}
 h - a potion of brilliance {unknown}
 l - a potion of attraction {unknown}

Dungeon Overview and Level Annotations

Branches:
Dungeon (2/15)

Altars:


Message History

The sling bullet closely misses the rat.
You shoot a sling bullet. The sling bullet hits the rat.
You kill the rat! 2 gnolls come into view.
Found a stone staircase leading down.
The gnoll shouts!
You hear a shout!
Enter note:
Enter note:
Enter note: You shoot a sling bullet.
The sling bullet completely misses the gnoll.
You shoot a sling bullet. The sling bullet hits the gnoll.
The gnoll is lightly wounded.
You shoot a sling bullet.
The sling bullet closely misses the gnoll.
A gnoll comes into view. It is wielding a +0 club.
The gnoll hits you from afar with a +0 spear.
You shoot a sling bullet.
The sling bullet completely misses the gnoll.
The gnoll closely misses you. x2
You shoot a sling bullet.
The sling bullet closely misses the gnoll.
The gnoll hits you but does no damage.
You shoot a sling bullet.
The sling bullet barely misses the gnoll.
The gnoll closely misses you.
You shoot a sling bullet.
The sling bullet hits the gnoll but does no damage.
The gnoll is lightly wounded.
The gnoll barely misses you. The gnoll closely misses you.
You shoot a sling bullet. The sling bullet hits the gnoll.
The gnoll is moderately wounded.
The gnoll hits you from afar with a +0 spear.
You shoot a sling bullet.
The sling bullet closely misses the gnoll.
The gnoll hits you from afar with a +0 spear!
You shoot a sling bullet. The sling bullet hits the gnoll.
The gnoll is severely wounded.
The gnoll hits you from afar with a +0 spear. x2
You die...

#.# #.# ##.# #.#
#.########... #.#
#.##......... #.#
#.##.#####..#
#.#####.####.##.%...)..#
#...............######.#
#######.####.##.# #.#
#.# #.##.# #.# #@#
#.##.# #.. ...ggg..#
#.##.# ## .########
#.##.# #.##.#######
#.##.......#
#.########.# #.# #.# #.#


You could see 3 gnolls.

Vanquished Creatures
  3 adders (D:2)
  2 worms (D:2)
  2 dart slugs
  4 endoplasms (D:1)
  2 giant cockroaches
  5 goblins
  4 hobgoblins (D:1)
  4 jackals (D:1)
  3 kobolds
  2 quokkas
  5 ball pythons
  2 bats
  3 frilled lizards
  2 rats
43 creatures vanquished.

Notes
Turn   | Place    | Note
-------+----------+-------------------------------------------
     0 | D:1      | qw the Gargoyle Hexslinger began the quest for the Orb.
     0 | D:1      | Reached XP level 1. HP: 12/12 MP: 2/2
     0 | D:1      | 0 ||| qw: Version: 0.3-a-52-g30416fa
     0 | D:1      | 0 ||| qw: Game counter: 6016
     0 | D:1      | 0 ||| qw: Melee chars always use a shield: true
     0 | D:1      | 0 ||| qw: God list: Okawaru
     0 | D:1      | 0 ||| qw: Allow faded altars: false
     0 | D:1      | 0 ||| qw: Do Orc after clearing Dungeon:15 true
     0 | D:1      | 0 ||| qw: Do second Lair branch before Depths: true
     0 | D:1      | 0 ||| qw: Lair rune preference: random
     0 | D:1      | 0 ||| qw: Goals: Normal
     0 | D:1      | 0 ||| PLANNING D:1-11
   138 | D:1      | Reached XP level 2. HP: 16/16 MP: 3/3
   157 | D:1      | Reached skill level 3 in Ranged Weapons
   327 | D:1      | HP: 3/17 [frozen (4)]
   328 | D:1      | HP: 1/17 [hobgoblin (2)]
   330 | D:1      | Reached XP level 3. HP: 2/21 MP: 4/4
   832 | D:1      | 832 ||| UPGRADING to +0 ring mail.
   842 | D:1      | 842 ||| DROPPING +0 robe.
   843 | D:1      | 843 ||| DROPPING ring of wizardry.
   844 | D:1      | 844 ||| READING 3 scrolls labelled ZOPPUL ESHROIT.
   847 | D:1      | 847 ||| READING 2 scrolls labelled ZELI OMOYLEVEO.
   848 | D:1      | 848 ||| READING scroll labelled EBIENU YRANLA.
   849 | D:1      | 849 ||| READING scroll labelled POMMEWKU SUFE.
   850 | D:1      | 850 ||| DROPPING scroll of poison.
  1050 | D:2      | Reached XP level 4. HP: 23/26 MP: 5/5
  1085 | D:2      | Reached skill level 4 in Ranged Weapons
  1177 | D:2      | HP: 6/26 [gnoll/+0 spear (6)]
  1177 | D:2      | Slain by a gnoll

Levels and vault maps discovered:
D:1:      matt_arrival_los_fun, layout_basic, minmay_pentomino_w4
D:2:      layout_loops_ring

Skill      XL: |  1  2  3  4 |
---------------+-------------+-----
Ranged Weapons | 3 4 |  4.0
Fighting       | 2 |  2.0
Armour         | |  0.9
Dodging        | |  1.5
Spellcasting   | |  1.0
Hexes          | |  2.6

Action                     |  1- 3 |  4- 6 || total
---------------------------+-------+-------++-------
   Fire: Sling             |   130 |    35 ||   165
    Use: Scroll            |     4 |       ||     4
 Armour: Robe              |    19 |       ||    19
         Ring mail         |    11 |     8 ||    19
  Dodge: Dodged            |    40 |    25 ||    65

Table legend:
 A = Non-vault XP
 B = Vault XP
 C = Vault XP percentage of total XP
 D = Non-vault monster count
 E = Vault monster count
 F = Vault count percentage of total count
                 A         B        C        D         E       F
            +---------+---------+-------+---------+---------+-------
      Total |     103 |      13 |  11.2 |      36 |       7 |  16.3
            +---------+---------+-------+---------+---------+-------
        D:1 |      34 |      13 |  27.7 |      20 |       7 |  25.9
        D:2 |      69 |       0 |   0.0 |      16 |       0 |   0.0
            +---------+---------+-------+---------+---------+-------
